 Dungeon Crawl Stone Soup version 0.26-a0-651-gb41185065b (webtiles) character file.

Game seed: 3354306869327074459

917 ipx the Chopper (level 8, -2/55 HPs)
             Began as a Halfling Berserker on Oct 19, 2020.
             Was a Believer of Trog.
             Slain by a gnoll
             ... wielding a +0 halberd
              (12 damage)
             ... on level 6 of the Dungeon.
             The game lasted 00:15:13 (1025 turns).

ipx the Chopper (Halfling Berserker)                Turns: 1025, Time: 00:15:14

Health: -2/55      AC:  9    Str: 20    XL:     8   Next: 31%
Magic:  8/8        EV: 10    Int:  5    God:    Trog [**....]
Gold:   72         SH:  0    Dex: 14    Spells: 7/7 levels left

rFire    . . .     SeeInvis .   a - +1 whip (elec)
rCold    . . .     Faith    .   (shield restricted)
rNeg     . . .     Spirit   .   n - +0 chain mail
rPois    .         Reflect  .   (no helmet)
rElec    .         Harm     .   f - +0 cloak
rCorr    .         Rampage  .   (no gloves)
MR       .....                  (no boots)
Stlth    ..........             (no amulet)
HPRegen  0.18/turn              (no ring)
MPRegen  0.11/turn              (no ring)

@: no status effects
A: small, mutation resistance 1
a: Berserk, Trog's Hand, Renounce Religion


You were on level 6 of the Dungeon.
You worshipped Trog.
Trog was pleased with you.
You visited 1 branch of the dungeon, and saw 7 of its levels.

You collected 222 gold pieces.
You spent 150 gold pieces at shops.

Inventory:

Hand Weapons
 a - a +1 whip of electrocution (weapon)
 b - a +0 hand axe
 h - a +0 flail of holy wrath
Armour
 f - a +0 cloak (worn)
 n - a +0 chain mail (worn)
Scrolls
 d - a scroll of magic mapping {unknown}
 i - a scroll of noise {unknown}
 k - a scroll of identify {unknown}
 o - a scroll of teleportation {unknown}
 p - a scroll of holy word {unknown}
 q - a scroll of amnesia {unknown}
Potions
 c - a potion of might
 e - 2 potions of stabbing {unknown}
 g - a potion of mutation {unknown}
 j - 2 potions of curing {unknown}
 l - a potion of heal wounds
 m - 2 potions of lignification {unknown}


   Skills:
 + Level 5.3 Fighting
 - Level 7.0(7.4) Axes
 + Level 3.1(5.2) Maces & Flails
 - Level 2.1 Armour
 - Level 2.1 Dodging


You had 7 spell levels left.
You didn't know any spells.
Your spell library was empty.

Dungeon Overview and Level Annotations

Branches:
Dungeon (7/15)             Temple (0/1) D:6

Altars:
Elyvilon
Qazlal
Xom
Zin

Shops:
D:4 !


Innate Abilities, Weirdness & Mutations

You are small and have problems with some larger weapons.
You are somewhat resistant to further mutation.


Message History

A gnoll comes into view.
Drop what? 17/52 slots (_ for help) (? for menu, Esc to quit)
Okay, then.
Unknown command.
The gnoll shouts!
You hit the gnoll shaman.
The gnoll shaman is moderately wounded.
The gnoll shaman barely misses you.
You hit the gnoll shaman.
The gnoll shaman is moderately wounded.
You whack the gnoll shaman!
The gnoll shaman is severely wounded.
The gnoll shaman barely misses you. The gnoll hits you.
You hit the gnoll shaman but do no damage.
The gnoll shaman is severely wounded.
The gnoll shaman hits you with a +0 whip!
* * * LOW HITPOINT WARNING * * *
The gnoll closely misses you.
The gnoll hits you from afar with a +0 halberd!
You die...

.... .#.# .... ..#.#
##.#. ##...##^..###
....
!##...##.....##. .#.
............... ..
....>........# .#
.## .......gr....#
.# .<
..##...##gg...# .#
.###.##...##@#
.###..##......g..#
...)# .....#....#
..#.###...#.....##
....#...#.......#
#...#.######....#
#.......###.....#
..#......##.#...####
########...........#


You could see a gnoll shaman, 3 gnolls and a quokka.

Vanquished Creatures
  Sigmund (D:2)
  Menkaure (D:6)
  Edmund (D:5)
  A phantom (D:6)
  An ogre (D:6)
  A centaur (D:6)
  A howler monkey (D:5)
  2 hounds
  Crazy Yiuf (D:2)
  3 gnolls (D:5)
  9 adders
  A shadow imp (D:6)
  An ufetubus (D:5)
  3 worms
  A dart slug (D:1)
  A leopard gecko (D:6)
  An orc (D:6)
  A giant cockroach (D:5)
  A goblin (D:1)
  A hobgoblin (D:2)
  A quokka (D:6)
  3 bats
  A frilled lizard (D:5)
  2 kobolds (D:1)
  A quokka skeleton (D:4)
  2 rats
43 creatures vanquished.

Vanquished Creatures (others)
  2 fungi (D:2)
2 creatures vanquished.

Grand Total: 45 creatures vanquished

Notes
Turn   | Place    | Note
-------+----------+-------------------------------------------
     0 | D:1      | ipx the Halfling Berserker began the quest for the Orb.
     0 | D:1      | Reached XP level 1. HP: 15/15 MP: 1/1
    87 | D:1      | You fall into a shaft and drop 1 floor!
   129 | D:2      | Noticed Sigmund
   142 | D:2      | Killed Sigmund
   142 | D:2      | Reached skill level 6 in Axes
   142 | D:2      | Reached XP level 2. HP: 20/20 MP: 2/2
   142 | D:2      | Reached XP level 3. HP: 24/25 MP: 3/3
   142 | D:2      | Reached XP level 4. HP: 30/30 MP: 4/4
   142 | D:2      | Reached XP level 5. HP: 34/35 MP: 5/5
   145 | D:2      | Found a shimmering altar of Xom.
   249 | D:2      | Found a runed translucent door.
   250 | D:2      | Noticed Crazy Yiuf
   259 | D:2      | Killed Crazy Yiuf
   259 | D:2      | Reached XP level 6. HP: 8/41 MP: 6/6
   531 | D:4      | Found Dubri's Distillery.
   562 | D:4      | Bought a potion of might for 40 gold pieces
   562 | D:4      | Bought 2 potions of heal wounds for 100 gold pieces
   562 | D:4      | Bought a potion of degeneration for 10 gold pieces
   579 | D:4      | Found a glowing silver altar of Zin.
   612 | D:5      | Entered Level 5 of the Dungeon
   640 | D:5      | Found a white marble altar of Elyvilon.
   645 | D:5      | Noticed Edmund
   657 | D:5      | Killed Edmund
   657 | D:5      | Reached XP level 7. HP: 42/47 MP: 7/7
   660 | D:5      | Reached ** piety under Trog
   665 | D:5      | Reached skill level 7 in Axes
   765 | D:4      | Found a stormy altar of Qazlal.
   814 | D:6      | Reached skill level 1 in Maces & Flails
   909 | D:6      | Reached XP level 8. HP: 48/54 MP: 8/8
   918 | D:6      | Noticed Menkaure
   926 | D:6      | Reached skill level 5 in Fighting
   934 | D:6      | Killed Menkaure
   985 | D:6      | Found a staircase to the Ecumenical Temple.
  1025 | D:6      | Slain by a gnoll

Illustrated notes

Levels and vault maps discovered:
D:1:      evilmike_arrival_fibonacci_small, layout_basic, minmay_tromino_mix6
D:2:      layout_basic, xom_teletrap_fun, chequers_ecumenical_altar_simple,
          uniq_crazy_yiuf_cottage, uniq_sigmund
D:3:      layout_basic, lemuel_coloured_pillars_altar
D:4:      layout_cave_pods, lemuel_crystal_altar, overflow_temple_1_default,
          serial_shops, shop, uniq_duvessa
D:5:      layout_loops_ring, elyvilon_altar_4,
          gammafunk_temple_overflow_elements, serial_shops, shop,
          kennysheep_generic_room_3, uniq_edmund
D:6:      gammafunk_cloud_chamber, layout_rooms, kennysheep_mini,
          minmay_temple_entry_stoned_glass, uniq_menkaure
D:7:      layout_rooms, overflow_temple_1_default, lightli_temple_of_fire,
          nicolae_overflow_crystal_walls, minmay_misc_feat_columns,
          minmay_misc_feat_roman

Skill      XL: |  1  2  3  4  5  6  7  8 |
---------------+-------------------------+-----
Axes           | 6 7 |  7.0
Fighting       | 3 4 5 |  5.3
Maces & Flails | 2 3 |  3.1
Armour         | |  2.1
Dodging        | |  2.1

Action                   |  1- 3 |  4- 6 |  7- 9 || total
-------------------------+-------+-------+-------++-------
Melee: Hand axe          |    12 |   105 |    14 ||   131
       Whip              |       |       |    52 ||    52
Invok: Berserk           |     2 |     4 |     1 ||     7
  Use: Potion            |       |     1 |     2 ||     3
 Stab: Invisible         |       |       |     3 ||     3
Armor: Ring mail         |     2 |     8 |       ||    10
       Scale mail        |       |    23 |     7 ||    30
       Chain mail        |       |       |    15 ||    15
Dodge: Dodged            |     4 |    57 |    54 ||   115

Table legend: (Time is in decaauts)
 A = Elapsed time spent in this place.
 B = Non-inter-level travel time spent in this place.
 C = Inter-level travel time spent in this place.
 D = Time resting spent in this place.
 E = Time spent auto-exploring this place.
 F = Levels seen in this place.
 G = Mean time per level.
                   A        B        C        D        E       F      G
               +--------+--------+--------+--------+--------+-----+--------+
         Total |   1099 |   1091 |      8 |      0 |      0 |   7 |  157.0 |
       Dungeon |   1099 |   1091 |      8 |      0 |      0 |   7 |  157.0 |
               +--------+--------+--------+--------+--------+-----+--------+

Top non-repeatable levels by time:
     D:2: 354 daAuts
     D:6: 235 daAuts
     D:5: 183 daAuts
     D:1: 122 daAuts
     D:3: 109 daAuts
     D:4: 92 daAuts
     D:7: 1 daAuts
